 Dungeon Crawl Stone Soup version 0.28.0-45-g0d030f2227 (webtiles) character file.

Game seed: 5744935108370819891

56 DearestLeader the Vexing (level 3, -3/28 HPs)
             Began as a Gnoll Arcane Marksman on Apr 20, 2022.
             Slain by a gnoll
             ... wielding a +0 club
              (9 damage)
             ... on level 2 of the Dungeon.
             The game lasted 00:01:38 (1052 turns).

DearestLeader the Vexing (Gnoll Arcane Marksman)    Turns: 1052, Time: 00:01:38

Health: -3/28      AC:  2    Str: 11    XL:     3   Next: 97%
Magic:  7/7        EV:  7    Int: 12    God:
Gold:   28         SH:  0    Dex: 12    Spells: 6/7 levels left

rFire   . . .      SeeInvis .   a - +0 shortbow
rCold   . . .      Faith    .   (shield currently unavailable)
rNeg    . . .      Spirit   .   d - +0 robe
rPois   .          Reflect  .   (no helmet)
rElec   .          Harm     .   (no cloak)
rCorr   .          Rampage  .   (no gloves)
Will    .....                   (no boots)
Stlth   ++........              (no amulet)
HPRegen 0.09/turn               (no ring)
MPRegen 0.10/turn               (no ring)

@: held
A: fangs 1, strong nose, distributed training
a: no special abilities


You were on level 2 of the Dungeon.
You visited 1 branch of the dungeon, and saw 2 of its levels.

You collected 28 gold pieces.

Inventory:

Hand Weapons
 a - a +0 shortbow (weapon)
 f - a +2 hand axe of electrocution
Missiles
 c - 55 arrows (quivered ammo)
Armour
 d - a +0 robe (worn)
Potions
 b - 2 potions of heal wounds


   Skills:
 + Level 2.7 Fighting
 + Level 1.0 Short Blades
 + Level 1.0 Long Blades
 + Level 1.0 Axes
 + Level 1.0 Maces & Flails
 + Level 1.0 Polearms
 + Level 1.0 Staves
 + Level 1.0 Slings
 + Level 4.6 Bows
 + Level 1.0 Crossbows
 + Level 1.0 Throwing
 + Level 1.0 Armour
 + Level 4.6 Dodging
 + Level 1.0 Stealth
 + Level 1.0 Shields
 + Level 1.0 Unarmed Combat
 + Level 2.9 Spellcasting
 + Level 0.7 Conjurations
 + Level 5.4 Hexes
 + Level 0.7 Summonings
 + Level 0.7 Necromancy
 + Level 0.7 Translocations
 + Level 0.7 Transmutations
 + Level 0.7 Fire Magic
 + Level 0.7 Ice Magic
 + Level 0.7 Air Magic
 + Level 0.7 Earth Magic
 + Level 0.7 Poison Magic
 + Level 1.1 Invocations
 + Level 1.0 Evocations


You had 6 spell levels left.
You knew the following spells:

 Your Spells              Type           Power      Damage    Failure   Level
a - Slow                  Hex            56%        N/A       2%          1

Your spell library contained the following spells:

 Spells                   Type           Power      Damage    Failure   Level
 Inner Flame              Hex/Fire       9%         N/A       21%         3
 Portal Projectile        Hex/Tloc       18%        N/A       21%         3
 Cause Fear               Hex            7%         N/A       26%         4
 Summon Ice Beast         Ice/Summ       3%         N/A       88%         4
 Summon Mana Viper        Hex/Summ       9%         N/A       88%         5
 Monstrous Menagerie      Summ           1%         N/A       100%        7


Dungeon Overview and Level Annotations

Branches:
Dungeon (2/15)

Altars:
Vehumet


Innate Abilities, Weirdness & Mutations

You have very sharp teeth.
Your uncanny sense of smell can sniff out nearby items.
Your experience applies equally to all skills.


Message History

The goblin moves out of view.
A sourceless malevolence fills the Dungeon... and a teleportation trap spontaneously manifests!
You are yanked towards some nearby monsters!
Your surroundings suddenly seem different. 2 gnolls, a frilled lizard, a bat, an endoplasm and a kobold come into view.
The kobold is wielding a +1 dagger of electrocution.
Found a puce potion, a scroll labelled QACEAVV XOOWUT and 11 gold pieces.
Found a radiant altar of Vehumet.
Found a stone staircase leading up.
A gnoll comes into view. It is wielding a +0 club.
The frilled lizard hisses angrily.
The endoplasm quivers.
The kobold enters a dispersal trap!
The frilled lizard blinks!
The bat blinks! x3
The endoplasm blinks!
You blink.
The gnoll moves out of view.
The gnoll shouts! x3
The bat closely misses you. The bat barely misses you.
The bat barely misses you.
The gnoll throws a throwing net.
The throwing net hits you.
You become entangled in the net!
You see here a throwing net.
As you read the scroll labelled JIRAFFICHE, it crumbles to dust.
The scroll dissolves into smoke.
It was a scroll of fog.
The bat hits you but does no damage.
As you read the scroll labelled GINEER DIKKY, it crumbles to dust.
It is a scroll of identify.
b - 2 potions of heal wounds The bat hits you.
The bat hits you but does no damage.
You are held in a net!
You cannot shoot with your shortbow while held in a net.
You struggle against the net.
The bat hits you but does no damage.
You struggle against the net.
The bat hits you but does no damage. x2
You struggle against the net.
The bat barely misses you.
You shred the net and break free! The bat hits you but does no damage.
The gnoll throws a throwing net.
The throwing net hits you.
You become entangled in the net!
The gnoll hits you with a +0 club.
You struggle against the net.
The gnoll hits you with a +0 club. The gnoll hits you with a +0 flail!
You tear a large gash into the net.
The gnoll hits you but does no damage. The gnoll hits you with a +0 club!
The gnoll hits you with a +0 flail.
* * * LOW HITPOINT WARNING * * *
You struggle against the net.
The gnoll hits you with a +0 club!
You die...

##########
#...........# #...
#...........# #...
#...$g......# #....
#.......§...# #....
#...?g.§§§§§#
#.....#....g.§§gg§#
#l....#.......§g@§#
#....K........§§§§#
#.......<#...§§§##
#..J.....#..§.§.#
#......§.########
#....§...#
#........#
#...§....#
#.....§..#


You could see 3 gnolls.

Vanquished Creatures
  4 gnolls
  2 dart slugs (D:1)
  A bat (D:1)
  2 endoplasms (D:1)
  A goblin (D:1)
  2 hobgoblins
  A quokka (D:1)
  2 rats (D:1)
15 creatures vanquished.

Notes
Turn   | Place    | Note
-------+----------+-------------------------------------------
     0 | D:1      | DearestLeader the Gnoll Arcane Marksman began the quest for
                  | the Orb.
     0 | D:1      | Reached XP level 1. HP: 17/17 MP: 4/4
   275 | D:1      | Reached XP level 2. HP: 21/23 MP: 5/5
   572 | D:1      | Found a faded altar of an unknown god.
   707 | D:1      | Reached XP level 3. HP: 28/28 MP: 7/7
   897 | D:2      | Reached skill level 1 in Invocations
   905 | D:2      | Reached skill level 1 in Short Blades
   905 | D:2      | Reached skill level 1 in Long Blades
   905 | D:2      | Reached skill level 1 in Axes
   905 | D:2      | Reached skill level 1 in Maces & Flails
   905 | D:2      | Reached skill level 1 in Polearms
   905 | D:2      | Reached skill level 1 in Staves
   905 | D:2      | Reached skill level 1 in Slings
   905 | D:2      | Reached skill level 1 in Crossbows
   905 | D:2      | Reached skill level 1 in Throwing
   905 | D:2      | Reached skill level 1 in Armour
   905 | D:2      | Reached skill level 1 in Stealth
   905 | D:2      | Reached skill level 1 in Shields
   905 | D:2      | Reached skill level 1 in Unarmed Combat
   905 | D:2      | Reached skill level 1 in Evocations
  1039 | D:2      | Found a radiant altar of Vehumet.
  1052 | D:2      | Slain by a gnoll

Illustrated notes

Levels and vault maps discovered:
D:1:      dpeg_arrival_lava_temple_mockup, layout_basic,
          ebering_ecumenical_altar_petrified
D:2:      layout_basic, serial_shops, nicolae_shop_behind_doors, basic_altar,
          uniq_robin

Skill      XL: |  1  2  3 |
---------------+----------+-----
Invocations    | 1 |  1.1
Short Blades   | 1 |  1.0
Long Blades    | 1 |  1.0
Axes           | 1 |  1.0
Maces & Flails | 1 |  1.0
Polearms       | 1 |  1.0
Staves         | 1 |  1.0
Slings         | 1 |  1.0
Crossbows      | 1 |  1.0
Throwing       | 1 |  1.0
Armour         | 1 |  1.0
Stealth        | 1 |  1.0
Shields        | 1 |  1.0
Unarmed Combat | 1 |  1.0
Evocations     | 1 |  1.0
Fighting       | |  2.7
Bows           | |  4.6
Dodging        | |  4.6
Spellcasting   | |  2.9
Conjurations   | |  0.7
Hexes          | |  5.4
Summonings     | |  0.7
Necromancy     | |  0.7
Translocations | |  0.7
Transmutations | |  0.7
Fire Magic     | |  0.7
Ice Magic      | |  0.7
Air Magic      | |  0.7
Earth Magic    | |  0.7
Poison Magic   | |  0.7

Action                   || total
-------------------------++-------
Melee: Hand axe          ||    12
       Dagger            ||     4
       Bite              ||     2
 Fire: Shortbow          ||    33
 Cast: Slow              ||     3
  Use: Scroll            ||     2
Armor: Robe              ||    11
Dodge: Dodged            ||    16
